 Dungeon Crawl Stone Soup version 0.25-a0-663-gace7076f2c (webtiles) character file.

Game seed: 14128756513323939844, levelgen mode: deterministic

10077 Arthanis the Cleaver (level 11, -12/72 HPs)
             Began as a Gargoyle Berserker on Mar 24, 2020.
             Was an Elder of Trog.
             Mangled by a shadow (21 damage)
             ... on level 13 of the Dungeon.
             The game lasted 00:19:00 (7150 turns).

Arthanis the Cleaver (Gargoyle Berserker)           Turns: 7150, Time: 00:19:01

Health: -12/72     AC: 29    Str: 21    XL:     11   Next: 56%
Magic:  13/13      EV:  7    Int: 11    God:    Trog [****..]
Gold:   55         SH:  0    Dex:  9    Spells: 10/10 levels left

rFire    + . .     SeeInvis .   P - +5 battleaxe (vorpal)
rCold    + . .     Gourm    .   (shield currently unavailable)
rNeg     + . .     Faith    .   F - +0 plate armour
rPois    ∞         Spirit   .   r - +1 helmet
rElec    +         Reflect  .   I - scarf {rC+ rF+}
rCorr    .         Harm     .   (no gloves)
MR       ++...     Rnd*Rage +   m - +0 pair of boots
Stlth    ..........             (no amulet)
HPRegen  1.22/turn              h - +5 ring of protection
MPRegen  0.13/turn              (no ring)

@: berserk cooldown, regenerating, slowed, very slow
A: [berserk 1], low mp 1, negative energy resistance 1, electricity resistance,
unbreathing, petrification resistance, [no potion heal 1], rot immunity, AC +8
a: Berserk, Trog's Hand, Brothers in Arms, Renounce Religion


You were on level 13 of the Dungeon.
You worshipped Trog.
Trog was greatly pleased with you.
You were very hungry.

You visited 1 branch of the dungeon, and saw 11 of its levels.
You visited the Abyss 1 time.

You collected 606 gold pieces.
You spent 551 gold pieces at shops.

Inventory:

Hand Weapons
 b - a +0 broad axe
 x - a +0 trident
 G - a +2 morningstar of holy wrath
 J - the +9 dagger "Hepaeplado" {vorpal, Int+3}
   (You found it on level 7 of the Dungeon)

   It inflicts extra damage upon your enemies.
   It affects your intelligence (+3).
 P - a +5 vorpal battleaxe (weapon)
Armour
 a - a +0 tower shield
 m - a +0 pair of boots (worn)
 r - a +1 helmet (worn)
 F - a +0 plate armour (worn)
 I - a scarf of resistance (worn)
 L - a +0 helmet
Jewellery
 h - a +5 ring of protection (left hand)
 S - an uncursed ring of ice
Wands
 k - a wand of digging (8)
 p - a wand of acid (10)
 z - a wand of iceblast (7)
 O - a wand of random effects (16)
 R - a wand of flame (13)
Scrolls
 d - a scroll of vulnerability {unknown}
 f - 4 scrolls of remove curse
 i - 2 scrolls of immolation
 j - a scroll of fear
 l - a scroll of fog {unknown}
 w - 3 scrolls of enchant armour
 y - a scroll of enchant weapon
 A - 7 scrolls of teleportation
 B - 2 scrolls of magic mapping
 C - a scroll of holy word {unknown}
Potions
 g - 3 potions of flight
 n - 2 potions of invisibility
 q - a potion of curing {unknown}
 s - a potion of mutation {unknown}
 t - a potion of lignification {unknown}
 u - 3 potions of haste
 v - a potion of heal wounds {unknown}
 E - a potion of might
 K - a potion of resistance {unknown}
 M - a potion of berserk rage
Comestibles
 c - 12 rations


   Skills:
 - Level 10.0 Fighting
 - Level 11.4 Axes
 - Level 6.0 Armour
 - Level 2.1 Dodging
 + Level 6.2 Stealth
 - Level 5.6 Evocations


You had 10 spell levels left.
You didn't know any spells.
Your spell library was empty.

Dungeon Overview and Level Annotations

Branches:
Dungeon (10/15)            Temple (0/1) D:7            Lair (0/6) D:8
    Orc: D:9-12

Altars:
Cheibriados
Elyvilon
Fedhas
Xom

Shops:
D:5 ?   D:7 *   D:8 [}:*   D:9 [

Annotations:
D:3 1 transporter, VincentAMV's ghost, amateur DsFi
D:10 Sonja


Innate Abilities, Weirdness & Mutations

You are resistant to torment.
Your stone body is resilient. (AC +8)
You are immune to poison.
You resist negative energy. (rN+)
You are resistant to electric shocks. (rElec)
You can survive without breathing.
You are immune to petrification.
You are immune to rotting.
Your magical capacity is low. (-10% MP)
[You tend to lose your temper in combat.]
[Potions are less effective at restoring your health.]


Message History

You see here an arrow.
You are no longer berserk.
You are exhausted.
You feel yourself slow down.
The shadow strikes at you from the darkness!
Reactivating autopickup.
You slash the shadow!
The shadow is heavily damaged.
The shadow hits you. x2
Your skin crawls.
You feel resistant to hostile enchantments.
You are starving!
The shadow slips into darkness.
The shadow flickers and vanishes!
Deactivating autopickup; reactivate with Ctrl-A.
Eat a chunk of flesh? (ye/n/q)
You eat the chunk of flesh.
This raw flesh tastes terrible.
You are feeling very hungry.
The shadow strikes at you from the darkness!
You die...

#...≈##)...(.#
...)≈≈#......#
...W.≈)(..(..#..
.....≈#)).......
#.... #.#####.##
##.. #(# ## #W#
#.#### #.@..#
####.# #.# #.#
#.# #.#
#.#######
#....$...
#########


You could see a wraith.

Vanquished Creatures
  A death knight (D:13)
  A two-headed ogre (D:8)
  2 centaur warriors
  Pikel (D:5)
  A spiny frog (shapeshifter) (D:9)
  Maggie (D:7)
  4 hippogriffs
  A yak (D:9)
  A basilisk (D:9)
  3 hungry ghosts
  A water moccasin (D:9)
  4 orc warriors
  A black bear (D:8)
  A sky beast (D:8)
  A slave (D:5)
  3 ogres
  A necrophage (D:8)
  6 centaurs
  10 bullfrogs
  A wyvern zombie (D:10)
  7 scorpions
  11 killer bees
  7 wights
  A howler monkey (D:4)
  2 centaur zombies
  4 crimson imps
  A bullfrog zombie (D:8)
  8 orc priests
  2 hounds
  3 iguanas
  12 orc wizards
  A bullfrog skeleton (D:9)
  3 centaur skeletons
  Ijyb (D:5)
  5 worker ants
  2 hound zombies
  A worker ant zombie (D:9)
  7 gnolls (D:7)
  8 adders
  2 shadow imps
  A white imp (D:10)
  2 oozes (D:3)
  3 worms (D:2)
  3 dart slugs
  4 leopard geckos
  38 orcs
  A ball python (D:6)
  5 bats
  3 giant cockroaches
  5 goblins
  9 hobgoblins
  3 jackals
  3 quokkas
  4 frilled lizards
  2 kobolds
  3 leopard gecko skeletons
  2 quokka skeletons
  A quokka zombie (D:7)
  8 rats
  2 fungi (D:8)
235 creatures vanquished.

Vanquished Creatures (others)
  An orc wizard (D:7)
  3 iguanas (D:7)
  A quokka (D:7)
  A fungus (D:8)
6 creatures vanquished.

Grand Total: 241 creatures vanquished

Notes
Turn   | Place    | Note
-------+----------+-------------------------------------------
     0 | D:1      | Arthanis the Gargoyle Berserker began the quest for the
                  | Orb.
     0 | D:1      | Reached XP level 1. HP: 14/14 MP: 1/1
   124 | D:1      | Reached XP level 2. HP: 17/19 MP: 2/2
   222 | D:1      | Reached skill level 3 in Axes
   860 | D:2      | Reached XP level 3. HP: 9/23 MP: 3/3
  1135 | D:2      | Reached ** piety under Trog
  1471 | D:2      | Reached XP level 4. HP: 21/29 MP: 4/4
  1814 | D:3      | Found a transporter.
  1817 | D:3      | Noticed VincentAMV's ghost (amateur DsFi)
  1818 | D:3      | Identified the +9 great mace of Tahask {vorpal, Str+2}
  1818 | D:3      | Noticed an ogre
  2530 | D:4      | Reached skill level 4 in Axes
  2530 | D:4      | Reached XP level 5. HP: 33/33 MP: 5/5
  2690 | D:4      | Reached XP level 6. HP: 33/39 MP: 6/6
  2874 | D:4      | Reached skill level 5 in Axes
  3054 | D:4      | Reached XP level 7. HP: 23/44 MP: 7/7
  3105 | D:4      | Reached skill level 5 in Fighting
  3259 | D:4      | Reached skill level 1 in Evocations
  3327 | D:5      | Entered Level 5 of the Dungeon
  3373 | D:5      | Found a snail-covered altar of Cheibriados.
  3450 | D:5      | Found Saobb's Magic Scroll Shop.
  3468 | D:5      | Bought a scroll of identify for 20 gold pieces
  3468 | D:5      | Bought a scroll of random uselessness for 10 gold pieces
  3468 | D:5      | Bought a scroll of noise for 10 gold pieces
  3468 | D:5      | Bought a scroll of identify for 20 gold pieces
  3468 | D:5      | Bought a scroll of identify for 20 gold pieces
  3468 | D:5      | Bought a scroll of teleportation for 30 gold pieces
  3468 | D:5      | Bought a scroll of magic mapping for 35 gold pieces
  3468 | D:5      | Bought a scroll of enchant armour for 75 gold pieces
  3536 | D:5      | Noticed Pikel
  3565 | D:5      | Killed Pikel
  3565 | D:5      | Reached skill level 6 in Axes
  3565 | D:5      | Reached skill level 5 in Armour
  3565 | D:5      | Reached XP level 8. HP: 51/51 MP: 9/9
  3583 | D:5      | Noticed Ijyb
  3599 | D:5      | Killed Ijyb
  3989 | D:5      | Reached skill level 7 in Axes
  4166 | D:6      | Reached *** piety under Trog
  4320 | D:6      | Reached XP level 9. HP: 18/56 MP: 10/10
  4653 | D:6      | Found a blossoming altar of Fedhas.
  4800 | D:7      | Noticed Maggie
  4812 | D:7      | Killed Maggie
  4812 | D:7      | Reached skill level 8 in Axes
  4883 | D:7      | Found a shimmering altar of Xom.
  4982 | D:7      | Found Nubeorio's Elemental Accessories.
  5024 | D:7      | Reached skill level 9 in Axes
  5025 | D:7      | Found a staircase to the Ecumenical Temple.
  5065 | D:7      | Got a crystal dagger
  5143 | D:7      | Found a white marble altar of Elyvilon.
  5271 | D:7      | Reached **** piety under Trog
  5298 | D:7      | Reached XP level 10. HP: 64/64 MP: 13/13
  5582 | D:8      | Found Gaih's Assorted Antiques.
  5623 | D:8      | Found Rapadeb's Book Boutique.
  5644 | D:8      | Noticed a two-headed ogre
  5681 | D:8      | Killed a two-headed ogre
  5681 | D:8      | Reached skill level 10 in Axes
  5852 | D:8      | Found Aptukk's Gadget Shop.
  5892 | D:8      | Bought a scroll of teleportation for 69 gold pieces
  5892 | D:8      | Bought a scroll of identify for 46 gold pieces
  5892 | D:8      | Bought a scroll of identify for 46 gold pieces
  5892 | D:8      | Bought a white potion for 20 gold pieces
  5892 | D:8      | Bought a crooked silver wand for 92 gold pieces
  5892 | D:8      | Identified the +9 dagger "Hepaeplado" {vorpal, Int+3} (You
                  | found it on level 7 of the Dungeon)
  5963 | D:8      | Found Beiseiph's Antique Armour Shoppe.
  6077 | D:8      | Found a staircase to the Lair.
  6228 | D:9      | Reached ***** piety under Trog
  6228 | D:9      | Received a gift from Trog
  6373 | D:9      | Noticed a centaur warrior
  6374 | D:9      | Noticed a spiny frog
  6379 | D:9      | Reached skill level 5 in Evocations
  6382 | D:9      | Killed a centaur warrior
  6382 | D:9      | Reached skill level 11 in Axes
  6382 | D:9      | Reached XP level 11. HP: 72/72 MP: 14/14
  6534 | D:9      | Found Qanoat's Armour Shoppe.
  6558 | D:9      | Bought a +0 tower shield for 58 gold pieces
  6905 | D:10     | Entered Level 10 of the Dungeon
  6951 | D:10     | Noticed Sonja
  6959 | D:10     | Reached skill level 10 in Fighting
  6967 | D:10     | Cast into level 1 of the Abyss (Sonja)
  6981 | Abyss:1  | Noticed a wretched star
  7036 | Abyss:2  | Noticed a cacodemon
  7037 | Abyss:2  | Noticed a sixfirhy
  7037 | Abyss:2  | Noticed a sixfirhy
  7052 | Abyss:2  | Gained mutation: Your magical capacity is low. (-10% MP) [a
                  | cacodemon]
  7058 | D:10     | Escaped the Abyss
  7065 | D:10     | You are sucked into a shaft and drop 3 floors!
  7065 | D:13     | Noticed a centaur warrior
  7069 | D:13     | Noticed a centaur warrior
  7094 | D:13     | Reached skill level 1 in Stealth
  7117 | D:13     | Noticed a centaur warrior
  7121 | D:13     | Noticed a death knight
  7126 | D:13     | Killed a centaur warrior
  7131 | D:13     | Reached skill level 5 in Stealth
  7137 | D:13     | HP: 5/108 [death knight/+0 glaive (17)]
  7142 | D:13     | Killed a death knight
  7150 | D:13     | Mangled by a shadow

Levels and vault maps discovered:
D:1:      grunt_arrival_lava_bath, layout_basic, minivault_25
D:2:      layout_loops_corners, nrook_mini_vaults, minmay_between
D:3:      layout_basic, gammafunk_ghost_smash
D:4:      layout_cave_pods, first_ration, serial_park_tiny_2,
          chequers_serial_rivers_micro_b
D:5:      layout_cave_pods, cheibriados_altar_1, serial_shops, shop_fountains,
          uniq_ijyb, uniq_pikel
D:6:      layout_gridville, kennysheep_mini
D:7:      layout_basic, xom_confusion_cloud, overflow_temple_1_default,
          minmay_temple_entry_statues_pillars, serial_curves, eino_curves_02,
          eino_curves_04, nicolae_elemental_shop, uniq_maggie
D:8:      layout_cave_pools, grunt_lair_entry_orc_guard_hut, serial_shops,
          nicolae_shop_stone, shop, shop, nicolae_shop_statue_plus
D:9:      minmay_cut_squares, layout_loops_ring, serial_shops,
          nicolae_shop_waterfront
D:10:     layout_basic, david_nohive_1, uniq_sonja, uniq_nergalle
D:13:     layout_basic, lightli_vaults_fourway_checkpoint, serial_shops, shop

Skill      XL: |  1  2  3  4  5  6  7  8  9 10 11 |
---------------+----------------------------------+-----
Axes           | 3 4 5 6 7 9 11 | 11.4
Dodging        | 2 |  2.1
Armour         | 3 4 5 6 |  6.0
Fighting       | 4 5 6 8 9 10 | 10.0
Evocations     | 2 4 5 |  5.6
Stealth        | 6 |  6.2

Action                   |  1- 3 |  4- 6 |  7- 9 | 10-12 || total
-------------------------+-------+-------+-------+-------++-------
Melee: Hand axe          |   101 |    40 |       |       ||   141
       Broad axe         |       |   128 |   256 |   138 ||   522
       Short sword       |       |       |    32 |    35 ||    67
       Morningstar       |       |       |     5 |       ||     5
       Trident           |       |       |     1 |       ||     1
       Battleaxe         |       |       |       |    99 ||    99
Invok: Berserk           |     2 |     2 |     8 |     8 ||    20
       Trog's Hand       |       |     1 |     3 |     8 ||    12
Evoke: Wand              |       |       |       |     8 ||     8
  Use: Scroll            |       |       |     7 |     4 ||    11
       Potion            |       |       |       |     2 ||     2
  Eat: Chunk             |     4 |     8 |     9 |    18 ||    39
       Ration            |       |       |     3 |       ||     3
Armor: Animal skin       |     8 |       |       |       ||     8
       Chain mail        |    28 |   124 |   119 |       ||   271
       Plate armour      |       |       |   161 |   330 ||   491
Dodge: Dodged            |    57 |    80 |   122 |   114 ||   373

Table legend:
 A = Non-vault XP
 B = Vault XP
 C = Vault XP percentage of total XP
 D = Non-vault monster count
 E = Vault monster count
 F = Vault count percentage of total count
                 A         B        C        D         E       F
            +---------+---------+-------+---------+---------+-------
      Total |    9875 |    4522 |  31.4 |     211 |      21 |   9.1
            +---------+---------+-------+---------+---------+-------
        D:1 |      22 |       0 |   0.0 |      12 |       0 |   0.0
        D:2 |      63 |       4 |   6.0 |      17 |       3 |  15.0
        D:3 |      35 |       0 |   0.0 |      13 |       0 |   0.0
        D:4 |     709 |       0 |   0.0 |      22 |       0 |   0.0
        D:5 |     498 |     709 |  58.7 |      15 |       2 |  11.8
        D:6 |     641 |       0 |   0.0 |      22 |       0 |   0.0
        D:7 |    1702 |     544 |  24.2 |      37 |       3 |   7.5
        D:8 |    2100 |     422 |  16.7 |      28 |       4 |  12.5
        D:9 |    1278 |    1796 |  58.4 |      28 |       5 |  15.2
       D:10 |     734 |     136 |  15.6 |       9 |       3 |  25.0
       D:13 |    2093 |     911 |  30.3 |       8 |       1 |  11.1
            +---------+---------+-------+---------+---------+-------
